 Dungeon Crawl Stone Soup version 0.20.0-7-g3b7b877 (webtiles) character file.

172 Kosschaser the Skirmisher (level 5, -9/47 HPs)
             Began as a Draconian Abyssal Knight on May 29, 2017.
             Was a Believer of Lugonu.
             Mangled by an orc
             ... wielding a +1 morningstar of protection
              (10 damage)
             ... on level 3 of the Dungeon.
             The game lasted 00:06:18 (2204 turns).

Kosschaser the Skirmisher (DrAK)                    Turns: 2204, Time: 00:06:18

Health: -9/47      AC:  5    Str: 15    XL:     5   Next: 27%
Magic:  4/6        EV: 13    Int: 12    God:    Lugonu [**....]
Gold:   93         SH:  0    Dex: 11    Spells: 4/4 levels left

rFire    . . .     SeeInvis .   a - +1 falchion
rCold    . . .     Gourm    .   (no shield)
rNeg     . . .     Faith    .   (armour unavailable)
rPois    .         Spirit   .   (helmet restricted)
rElec    .         Reflect  .   (no cloak)
rCorr    .         Harm     .   (no gloves)
MR       .....                  (no boots)
Stlth    +.........             (no amulet)
Regen    0.2/turn               (no ring)
MPRegen  0.1/turn               (no ring)

@: no status effects
A: unfitting armour, cold-blooded, AC +5
a: Depart the Abyss, Bend Space, Renounce Religion


You were on level 3 of the Dungeon.
You worshipped Lugonu.
Lugonu was pleased with you.
You were hungry.

You visited 1 branch of the dungeon, and saw 3 of its levels.
You visited the Abyss 1 time.

You collected 93 gold pieces.

Inventory:

Hand Weapons
 a - a +1 falchion (weapon)
Scrolls
 k - 3 scrolls of identify {unknown}
 l - 2 scrolls of fog {unknown}
 m - a scroll of blinking {unknown}
 p - a scroll of teleportation {unknown}
 q - a scroll of recharging {unknown}
 r - 3 scrolls of magic mapping {unknown}
 s - a scroll of noise {unknown}
Potions
 c - a potion of invisibility {unknown}
 d - 4 potions of agility {unknown}
 e - 3 potions of mutation {unknown}
 f - 2 potions of heal wounds {unknown}
 g - a potion of lignification {unknown}
 h - a potion of brilliance {unknown}
 i - a potion of resistance {unknown}
 n - 2 potions of haste {unknown}
 o - a potion of curing {unknown}
Comestibles
 b - 2 bread rations
 j - a meat ration
 t - 2 chunks of flesh


   Skills:
 + Level 4.4 Fighting
 + Level 3.6 Long Blades
 + Level 3.2 Dodging
 + Level 0.6 Stealth
 + Level 2.2 Invocations


You had 4 spell levels left.
You didn't know any spells.

Dungeon Overview and Level Annotations

Branches:
Dungeon (3/15)

Altars:


Innate Abilities, Weirdness & Mutations

Your plain brown scales are hard. (AC +5)
You cannot fit into any form of body armour.
You are cold-blooded and may be slowed by cold attacks.


Message History

The orc wizard is moderately wounded.
The orc wizard gestures at you while chanting.
The puff of flame hits you!
* * * LOW HITPOINT WARNING * * *
The orc wizard closely misses you. Space bends around you!
You blink.
Unknown command.
The orc wizard hits you with a dagger.
* * * LOW HITPOINT WARNING * * *
You see here a club.
Space bends around you!
You blink.
The orc shouts!
The orc wizard gestures at you while chanting.
The magic dart hits you!
The orc wizard hits you but does no damage.
There is a stone staircase leading down here.
The orc wizard barely misses you.
The orc wizard hits you but does no damage.
The orc hits you with a morningstar of protection!
You die...

##. .# #########.o oo
#.......#.# o#
#.>.....#.# #.# #
#.......#.##..#.#
#.......#.. ...
#.......#.##.##.#
##.######.o.o...#.......#
........)@o...........#.#
##.##..#####)####.##..#
#.. #.# #.......# ....
#.# ####..### ###.. #.##
..# #..#####..######..#
........)..........
########.######(## #.#


You could see an orc wizard and 2 orcs.

Vanquished Creatures
  An orc wizard (D:3)
  Jessica (D:2)
  Robin (D:2)
  4 adders
  2 worms
  An orc (D:3)
  2 ball pythons (D:2)
  6 bats
  3 giant cockroaches
  14 goblins
  9 hobgoblins
  2 frilled lizards (D:2)
  4 kobolds (D:1)
  17 rats
67 creatures vanquished.

Vanquished Creatures (others)
  A rat (D:1)
1 creature vanquished.

Grand Total: 68 creatures vanquished

Notes
Turn   | Place    | Note
-------+----------+-------------------------------------------
     0 | Abyss:1  | Kosschaser the Draconian Abyssal Knight began the quest for the Orb.
     0 | Abyss:1  | Reached XP level 1. HP: 19/19 MP: 2/2
    71 | Abyss:1  | Noticed a ynoxinul
    72 | D:1      | Escaped the Abyss
    87 | D:1      | Reached * piety under Lugonu
    98 | D:1      | Reached XP level 2. HP: 11/27 MP: 3/3
   363 | D:1      | Reached skill level 4 in Fighting
   926 | D:2      | Reached XP level 3. HP: 32/33 MP: 4/4
   979 | D:2      | Noticed Robin
   990 | D:2      | Killed Robin
   990 | D:2      | Reached ** piety under Lugonu
  1240 | D:2      | Reached XP level 4. HP: 22/41 MP: 5/5
  1563 | D:2      | Noticed Jessica
  1573 | D:2      | Killed Jessica
  2025 | D:3      | Reached XP level 5. HP: 27/47 MP: 6/6
  2204 | D:3      | Mangled by an orc

Skill      XL: |  1  2  3  4 |
---------------+-------------+-----
Fighting       | 4 |  4.4
Dodging        | 3 |  3.2
Long Blades    | 3 |  3.6
Stealth        | |  0.6
Invocations    | |  2.2

Action                   |  1- 3 |  4- 6 || total
-------------------------+-------+-------++-------
Melee: Falchion          |   107 |    93 ||   200
       Tailslap          |    12 |    13 ||    25
Invok: Depart the Abyss  |     1 |       ||     1
       Bend Space        |       |     2 ||     2
 Stab: Sleeping          |       |     1 ||     1
  Eat: Chunk             |       |     4 ||     4
Armor: Skin              |    31 |    31 ||    62
Dodge: Dodged            |    80 |    60 ||   140
       Rpst.: Falchion   |    24 |    15 ||    39
